 BcadrenCrawl: Boulder Brew version 0.03.2.1-103-g09b4e489ee (webtiles) character file.

Game seed: 3994333051089499179, levelgen mode: deterministic

1198 funkygono the Twirler (level 8, 0/49 HPs) Gargoyle Fighter. Began on Mar 5, 2021. Was an Initiate of Makhleb. Slain by a mummy (2 damage) ... on level 2 of the Dungeon. The game lasted 00:08:14 (2394 turns).

funkygono the Twirler (Gargoyle Fighter)            Turns: 2394, Time: 00:08:15

Health: 0/49       AC: 18    Str: 21    XL:     8 ^: 641
Magic:  8/8        EV:  8    Int:  9    God:    Makhleb [0* [19]]
Gold:   141        SH:  9    Dex: 10    Spells: 7/7 levels left

rFire    . . .     Vision   .   a - +2 morningstar (freeze)
rCold    . . .     Gourm    .   c - +1 heater shield
rNeg     + . .     Faith    .   q - +0 chain mail
rPois    ∞         Spirit   .   (no helmet)
rElec    +         Reflect  .   (no cloak)
rCorr    .         Harm     .   s - +1 pair of gloves
MR       .....                  l - +0 pair of boots
Stlth    ..........             (no amulet)
HPRegen  0.26/turn              (no ring)
MPRegen  0.18/turn              (no ring)

@: no status effects
A: negative energy resistance 1, electricity resistance, unbreathing,
petrification resistance, rot immunity, AC +5
a: Renounce Religion


You were on level 2 of the Dungeon.
You worshipped Makhleb.
Makhleb was noncommittal.
You were not hungry.

You visited 1 branch of the dungeon, and saw 3 of its levels.

You collected 141 gold pieces.

Inventory:

Weapons
 a - a +2 morningstar of freezing (weapon) Shields
 c - a +1 heater shield (shield)
Armour
 l - a +0 pair of boots (worn)
 q - a +0 chain mail (worn)
 s - a +1 pair of gloves (worn)
Jewellery
 g - an uncursed ring of wizardry
Wands
 o - a wand of polymorph (12)
Scrolls
 e - a scroll of summoning
 h - 3 scrolls of bless item
 k - 2 scrolls of holy word
 m - a scroll of blinking
 p - 2 scrolls of teleportation
Potions
 b - a potion of ambrosia
 d - a potion of might
Comestibles
 f - 3 rations
 j - 6 chunks of flesh


   Skills:
 + Level 5.3 Fighting
 + Level 6.9 Maces & Staves
 + Level 5.2 Armour
 + Level 1.7 Dodging
 + Level 1.3 Stealth
 + Level 5.4 Shields


You had 7 spell levels left.
You didn't know any spells.
Your spell library was empty.

Dungeon Overview and Level Annotations

Branches:
Dungeon (3/8)

Altars:
Makhleb
Vehumet


Innate Abilities, Weirdness & Mutations

You are resistant to torment.
Your stone body is resilient. (AC +5)
You are immune to poison.
You resist negative energy. (rN+)
You are resistant to electric shocks. (rElec)
You can survive without breathing.
You are immune to petrification.
You are immune to rotting.


Message History

The scorpion pinches you (1).
The scorpion pinches you but does no damage.
You block the scorpion's attack.
The scorpion stings you but does no damage.
You block the wraith's attack. The scorpion pinches you (3). x2
The scorpion bites you (1).
* * * LOW HITPOINT WARNING * * *
You block the scorpion's attack. The mummy hits you (8)!
* * * LOW HITPOINT WARNING * * *
Your shield and chain mail prevent you from hitting the wraith.
You block the phantom's attack.
The scorpion pinches you but does no damage. x2
The scorpion barely misses you (0).
The scorpion stings you but does no damage.
You block the wraith's attack.
The scorpion pinches you but does no damage. x2
The scorpion bites you (5).
* * * LOW HITPOINT WARNING * * *
The scorpion barely misses you (0). The mummy hits you (2).
You die...

≈≈...≈≈##≈####≈#.#≈#.#≈.#
≈..≈..≈#≈#####≈#≈≈#≈≈.≈##
..≈≈≈≈≈####≈#≈##########
≈.≈≈≈;≈###...##
≈≈≈≈≈≈≈#;#.###
≈≈≈≈≈P≈≈#;.##################
≈≈≈≈≈≈≈≈≈...≈≈≈..≈≈≈.≈...≈≈##
.≈≈≈≈≈≈≈≈≈≈≈≈≈≈s.M≈≈≈.≈≈≈≈≈##
.≈≈≈≈≈≈≈≈≈≈≈≈≈≈≈@W≈≈≈.≈≈≈≈≈##
≈..≈≈≈≈≈≈≈≈≈≈≈≈MsW≈..≈≈≈≈≈.##
≈≈..≈≈≈≈≈≈≈≈≈≈≈≈....≈≈≈≈≈..##
≈≈≈.≈≈≈≈≈≈≈≈≈≈≈≈≈.≈≈≈≈≈≈≈.≈.#
≈≈...≈≈≈P.≈≈≈≈≈≈≈.≈≈≈≈≈≈≈.P##
≈..≈≈≈≈≈...≈≈≈≈≈..≈≈≈≈≈P..≈##
≈.≈≈≈≈≈.#####≈###############
...P≈P≈## ### ≈≈..≈P≈#


You could see a phantom, a wraith, 2 mummies, 2 scorpions and a neutral
slimehead (wandering) (passive).

Vanquished Creatures
  A wraith (D:2)
  Menkaure (D:2)
  2 phantoms (D:2)
  A scorpion (D:3)
  2 big kobolds (D:2)
  A bullfrog (D:2)
  2 jellies (D:2)
  5 giant cockroaches
  A gnoll (D:1)
  An adder (D:2)
  14 sewer rats (D:2)
  5 cinder newts
  A worm (D:2)
  2 oozes (D:2)
  2 dart slugs (D:1)
  2 leopard geckos
  4 ball pythons (D:1)
  A cinder newt skeleton (D:2)
  8 goblins (D:1)
  3 hobgoblins (D:1)
  4 jackals (D:2)
  8 bats
  2 bat skeletons (D:2)
  A goblin skeleton (D:2)
  17 kobolds
  A leopard gecko skeleton (D:2)
  10 rats (D:1)
  8 withered plants (D:2)
110 creatures vanquished.

Vanquished Creatures (others)
  A quokka skeleton (D:3)
  42 withered plants (D:2)
43 creatures vanquished.

Grand Total: 153 creatures vanquished

Notes
Turn   | Place    | Note
-------+----------+-------------------------------------------
     0 | D:1      | funkygono the Gargoyle Fighter began the quest for the Orb.
     0 | D:1      | Reached XP level 1. HP: 14/14 MP: 1/1
     7 | D:1      | Reached XP level 2. HP: 19/19 MP: 2/2
    39 | D:1      | Reached XP level 3. HP: 16/24 MP: 3/3
   348 | D:1      | Reached XP level 4. HP: 29/29 MP: 4/4
   373 | D:1      | Reached skill level 1 in Dodging
   426 | D:1      | Reached XP level 5. HP: 33/33 MP: 5/5
   437 | D:1      | Reached skill level 3 in Maces & Staves
   772 | D:2      | Reached XP level 6. HP: 28/38 MP: 6/6
   875 | D:2      | Reached skill level 4 in Maces & Staves
   933 | D:2      | Found a faded altar of an unknown god.
  1252 | D:2      | Noticed Menkaure
  1268 | D:2      | Killed Menkaure
  1268 | D:2      | Reached skill level 5 in Maces & Staves
  1268 | D:2      | Reached XP level 7. HP: 24/44 MP: 7/7
  1273 | D:2      | Identified the cursed ring "Qoch" {Wiz rC+ rN+ MR++ Dex-5,
                  | (Curse: *Tele Fragile)}
  1500 | D:2      | Found a burning altar of Makhleb.
  1503 | D:2      | Found a radiant altar of Vehumet.
  1516 | D:2      | Became a worshipper of Makhleb the Destroyer
  2242 | D:3      | Noticed a wraith
  2242 | D:3      | Noticed a wraith
  2244 | D:3      | Reached skill level 6 in Maces & Staves
  2273 | D:3      | Noticed a guardian mummy
  2289 | D:2      | Killed a wraith
  2289 | D:2      | Reached skill level 5 in Fighting
  2289 | D:2      | Reached skill level 5 in Armour
  2289 | D:2      | Reached skill level 1 in Stealth
  2289 | D:2      | Reached skill level 5 in Shields
  2289 | D:2      | Reached XP level 8. HP: 28/49 MP: 8/8
  2394 | D:2      | HP: 2/49 [scorpion (5)]
  2394 | D:2      | Slain by a mummy

Levels and vault maps discovered:
D:1:      ebering_trefoil_3fold, layout_rooms, kennysheep_generic_room_14,
          portal_sewer_entry_b
D:2:      layout_sewer, grunt_temple_overflow_open,
          chequers_ecumenical_altar_simple, kennysheep_generic_room_7,
          uniq_menkaure
D:3:      layout_basic, nicolae_overflow_quartered_altars, first_ration,
          ossuary_minmay_tomb_2a

Skill      XL: |  1  2  3  4  5  6  7 |
---------------+----------------------+-----
Shields        | 4 5 |  5.4
Dodging        | 1 |  1.7
Maces & Staves | 3 5 6 |  6.9
Armour         | 4 5 |  5.2
Fighting       | 4 5 |  5.3
Stealth        | 1 |  1.3

Action                   |  1- 3 |  4- 6 |  7- 9 || total
-------------------------+-------+-------+-------++-------
Melee: Morningstar       |    88 |   107 |    64 ||   259
  Use: Scroll            |       |     4 |     1 ||     5
       Potion            |       |       |     3 ||     3
  Eat: Chunk             |       |     1 |     5 ||     6
Armor: Scale mail        |    89 |    57 |       ||   146
       Chain mail        |       |    11 |    68 ||    79
Dodge: Dodged            |    60 |    52 |    44 ||   156
Block: Heater shield     |    54 |    70 |    54 ||   178
